 Dungeon Crawl Stone Soup version 0.29.1-2-gbd0b4ee654 (webtiles) character file.

Game seed: 6561244926993727508

74 GorkyZ the Gusty (level 4, -14/24 HPs)
             Began as a Deep Elf Air Elementalist on Nov 18, 2022.
             Demolished by a gnoll
             ... wielding a +0 halberd
              (17 damage)
             ... on level 3 of the Dungeon.
             The game lasted 00:06:11 (2023 turns).

GorkyZ the Gusty (Deep Elf Air Elementalist)        Turns: 2023, Time: 00:06:12

Health: -14/24     AC:  3    Str:  5    XL:     4   Next: 9%
Magic:  1/11       EV: 13    Int: 22    God:
Gold:   124        SH:  0    Dex: 15    Spells: 9/10 levels left

rFire   . . .      SeeInvis .   g - +0 great sword
rCold   . . .      Faith    .   (shield currently unavailable)
rNeg    . . .      Spirit   .   a - +0 robe
rPois   .          Reflect  .   (no helmet)
rElec   .          Harm     .   (no cloak)
rCorr   .          Rampage  .   (no gloves)
Will    .....                   i - +0 pair of boots
Stlth   ++........              (no amulet)
HPRegen 0.08/turn               (no ring)
MPRegen 0.12/turn               (no ring)

@: no status effects
A: no striking features
a: no special abilities


You were on level 3 of the Dungeon.
You visited 1 branch of the dungeon, and saw 3 of its levels.

You collected 124 gold pieces.

Inventory:

Hand Weapons
 g - a +0 great sword (weapon)
Armour
 a - a +0 robe (worn)
 i - a +0 pair of boots (worn)
Jewellery
 d - a ring of protection from fire
 h - a ring of flight
Scrolls
 e - a scroll of vulnerability {unknown}
 f - a scroll of silence {unknown}
 j - 2 scrolls of identify {unknown}
 l - a scroll of acquirement {unknown}
 n - a scroll of immolation {unknown}
Potions
 b - a potion of magic
 c - 2 potions of attraction {unknown}
 k - a potion of berserk rage {unknown}
 m - a potion of mutation {unknown}


   Skills:
 + Level 3.0 Dodging
 - Level 2.4 Stealth
 + Level 3.5 Spellcasting
 + Level 1.8 Conjurations
 + Level 1.2 Summonings
 * Level 3.7 Air Magic
 + Level 1.2 Poison Magic


You had 9 spell levels left.
You knew the following spells:

 Your Spells              Type           Power      Damage    Failure   Level
a - Shock                 Conj/Air       64%        1d7       3%          1

Your spell library contained the following spells:

 Spells                   Type           Power      Damage    Failure   Level
 Static Discharge         Conj/Air       16%        3-5/arc   5%          2
 Swiftness                Air            20%        N/A       8%          3
 Airstrike                Air            10%        2d(2-18)  26%         4


Dungeon Overview and Level Annotations

Branches:
Dungeon (3/15)

Altars:

Shops:
D:2 *


Message History

The zap hits the gnoll.
The gnoll is severely wounded.
The zap hits the gnoll.
You kill the gnoll!
The zap hits the gnoll but does no damage.
The gnoll hits you with a +0 club.
Your Dodging skill increases to level 3!
The zap misses the gnoll.
The zap hits the gnoll.
The gnoll is lightly wounded.
The gnoll closely misses you.
The zap hits the gnoll.
The gnoll is almost dead.
The zap hits the gnoll.
The gnoll is heavily wounded.
The gnoll misses you.
You are out of magic!
Unknown command.
You are out of magic!
You are out of magic!
You closely miss the gnoll.
The gnoll is almost dead.
The gnoll closely misses you. x2
You closely miss the gnoll.
The gnoll is almost dead.
The gnoll barely misses you. The gnoll hits you with a +0 club.
The gnoll barely misses you. x2
You hit the gnoll.
You kill the gnoll!
The gnoll closely misses you.
The gnoll hits you from afar with a +0 halberd.
* * * LOW HITPOINT WARNING * * *
You have reached level 4!
You feel clever. The gnoll misses you.
You see here a +0 club.
You closely miss the gnoll.
The gnoll is heavily wounded.
The gnoll hits you with a +0 halberd!
Ouch! That really hurt!
You die...

##### #...# #.#.#
######### #.#.####
#........ ..
#.#@#.#..# #.######.
.!. #.#g#.#..# #.#
###. .... #.#)#.#..#
#.# #...
....####.#.#.#..# #.#
#.#.
.....g...#.#.#..###.#
#.##
.........#.#.#......#
#.#
.........#.#.##.#####
#.# .......g...#....#
#.##
.........########
#...


You could see a gnoll.

Vanquished Creatures
  2 gnolls (D:3)
  2 adders
  2 dart slugs
  6 ball pythons
  3 bats
  4 endoplasms
  3 giant cockroaches
  2 goblins (D:2)
  A hobgoblin (D:1)
  A quokka (D:1)
  4 kobolds
  3 rats
33 creatures vanquished.

Notes
Turn   | Place    | Note
-------+----------+-------------------------------------------
     0 | D:1      | GorkyZ the Deep Elf Air Elementalist began the quest for
                  | the Orb.
     0 | D:1      | Reached XP level 1. HP: 10/10 MP: 6/6
   284 | D:1      | Reached XP level 2. HP: 15/15 MP: 2/8
  1466 | D:2      | Reached XP level 3. HP: 19/19 MP: 6/9
  1538 | D:2      | Reached skill level 1 in Summonings
  1666 | D:2      | Found Yzotaimm's Assorted Antiques.
  2016 | D:3      | Reached skill level 1 in Poison Magic
  2022 | D:3      | Reached XP level 4. HP: 3/24 MP: 0/11
  2023 | D:3      | Demolished by a gnoll

Illustrated notes

Levels and vault maps discovered:
D:1:      moated_graveyard_arrival, layout_loops_ring, serial_rivers,
          chequers_serial_rivers_room_b, chequers_serial_rivers_micro_b,
          chequers_serial_rivers_small_3, chequers_serial_rivers_micro_c
D:2:      layout_loops_ring, serial_shops, nicolae_shop_waterfront,
          serial_bayou_pond_e, minmay_statues_item
D:3:      layout_basic, mainiacjoe_overflow_paths, serial_shops, shop_statue,
          kennysheep_big_empty_room

Skill      XL: |  1  2  3 |
---------------+----------+-----
Summonings     | 1 |  1.2
Poison Magic   | 1 |  1.2
Dodging        | 3 |  3.0
Stealth        | |  2.4
Spellcasting   | |  3.5
Conjurations   | |  1.8
Air Magic      | |  3.7

Action                   |  1- 3 |  4- 6 || total
-------------------------+-------+-------++-------
Melee: Great sword       |     3 |     1 ||     4
 Cast: Shock             |    71 |       ||    71
Armor: Robe              |     5 |       ||     5
Dodge: Dodged            |    25 |     1 ||    26
